 Dungeon Crawl Stone Soup version 0.29-a0-813-g4a14ea37d6 (webtiles) character file.

Game seed: 3873702322216031110

26 polve the Cutter (level 2, -12/24 HPs)
             Began as a Demonspawn Abyssal Knight on July 4, 2022.
             Was a Believer of Lugonu.
             Mangled by a gnoll
             ... wielding a +0 halberd
              (15 damage)
             ... on level 2 of the Dungeon.
             The game lasted 00:00:52 (1298 turns).

polve the Cutter (Demonspawn Abyssal Knight)        Turns: 1298, Time: 00:00:52

Health: -12/24     AC:  3    Str: 13    XL:     2   Next: 89%
Magic:  3/3        EV: 11    Int: 11    God:    Lugonu [**....]
Gold:   75         SH:  0    Dex: 13    Spells: 1/1 levels left

rFire   . . .      SeeInvis .   a - +3 short sword (elec)
rCold   . . .      Faith    .   (no shield)
rNeg    + . .      Spirit   .   b - +0 leather armour
rPois   .          Reflect  .   (no helmet)
rElec   .          Harm     .   (no cloak)
rCorr   .          Rampage  .   (no gloves)
Will    .....                   (no boots)
Stlth   +.........              (no amulet)
HPRegen 0.08/turn               e - ring of positive energy
MPRegen 0.08/turn               (no ring)

@: no status effects
A: claws 1
a: Renounce Religion, Depart the Abyss, Bend Space


You were on level 2 of the Dungeon.
You worshipped Lugonu.
Lugonu was pleased with you.
You visited 1 branch of the dungeon, and saw 2 of its levels.
You visited the Abyss 1 time.

You collected 75 gold pieces.

Inventory:

Hand Weapons
 a - a +3 short sword of electrocution (weapon)
Armour
 b - a +0 leather armour (worn)
 h - a +0 helmet
Jewellery
 e - a ring of positive energy (left claw)
Scrolls
 c - a scroll of identify {unknown}
 d - 6 scrolls of teleportation {unknown}
 f - 3 scrolls of enchant weapon {unknown}
 j - a scroll of enchant armour {unknown}
Potions
 g - a potion of heal wounds {unknown}
 i - 2 potions of flight {unknown}


   Skills:
 - Level 3.0 Fighting
 + Level 3.1 Short Blades
 - Level 1.7 Armour
 - Level 0.8 Dodging
 - Level 2.4 Invocations


You had one spell level left.
You didn't know any spells.
Your spell library contained the following spells:

 Spells                   Type           Power      Damage    Failure   Level
 Summon Lightning Spire   Summ/Air       0%         N/A       99%         4
 Storm Form               Tmut/Air       0%         N/A       100%        7
 Maxwell's Capacitive Co  Air            0%         ∞         100%        8


Dungeon Overview and Level Annotations

Branches:
Dungeon (2/15)

Altars:


Innate Abilities, Weirdness & Mutations

You have sharp fingernails.


Message History

You miss the adder.
The gnoll shouts!
The adder barely misses you. The adder bites you but does no damage.
You miss the adder.
A gnoll comes into view. It is wielding a +0 spear.
The adder bites you but does no damage.
You closely miss the gnoll. The adder barely misses you.
A gnoll comes into view. It is wielding a +0 halberd.
The gnoll closely misses you.
You hit the gnoll but do no damage. The adder barely misses you.
The gnoll barely misses you. The gnoll closely misses you.
You hit the gnoll.
The gnoll is moderately wounded.
The adder closely misses you. The gnoll hits you with a +0 club.
The gnoll barely misses you.
You hit the gnoll.
The gnoll is moderately wounded.
The adder barely misses you. The gnoll hits you but does no damage.
The gnoll closely misses you. The adder bites you but does no damage.
You hit the gnoll.
The gnoll is severely wounded.
The adder closely misses you. The gnoll barely misses you.
The gnoll hits you from afar with a +0 spear!
The gnoll hits you but does no damage.
You are too injured to fight recklessly!
You are too injured to fight recklessly!
You are too injured to fight recklessly!
You are too injured to fight recklessly!
You are too injured to fight recklessly!
You are too injured to fight recklessly!
You are too injured to fight recklessly!
The adder attacks as you move away! The adder bites you. The adder bites you.
The adder attacks as you move away! The adder bites you.
* * * LOW HITPOINT WARNING * * *
You barely miss the adder. The adder bites you.
* * * LOW HITPOINT WARNING * * *
The gnoll hits you from afar with a +0 halberd!
Ouch! That really hurt!
You die...

### .. #. #####
##.###.##########...### ..##
.......gg.gS@...'.....+......
##.###.########.#...###......
#. #.#...# #....# #. #.#...#
#....# #.
######.#...###....## #.
........†.†....#..... ..
#######.#####.##..... #. #.#
#.##..... #.# ###.##.....


You could see 3 gnolls and an adder.

Vanquished Creatures
  A worm (D:2)
  A bat (D:2)
  2 endoplasms (D:1)
  2 giant cockroaches (D:1)
  A goblin (D:1)
  4 hobgoblins
  A quokka (D:1)
  2 ball pythons (D:1)
  2 frilled lizards (D:1)
  4 kobolds
  2 rats
22 creatures vanquished.

Notes
Turn   | Place    | Note
-------+----------+-------------------------------------------
     0 | Abyss:1  | polve the Demonspawn Abyssal Knight began the quest for the
                  | Orb.
     0 | Abyss:1  | Reached XP level 1. HP: 18/18 MP: 2/2
     0 | D:1      | Escaped the Abyss
   230 | D:1      | Reached ** piety under Lugonu
   419 | D:1      | Found a faded altar of an unknown god.
   659 | D:1      | Gained mutation: You have sharp fingernails. [demonic
                  | ancestry]
   659 | D:1      | Reached XP level 2. HP: 24/24 MP: 3/3
  1298 | D:2      | Mangled by a gnoll

Illustrated notes

Levels and vault maps discovered:
D:1:      mushboom_english_gardens, layout_basic,
          chequers_ecumenical_altar_simple, dreamdust_wishing_well,
          hangedman_decor_push
D:2:      cheibrodos_old_hovel, layout_basic, minmay_fractal_squares_gapless_5

Skill      XL: |  1  2 |
---------------+-------+-----
Short Blades   | 2 3 |  3.1
Fighting       | |  3.0
Armour         | |  1.7
Dodging        | |  0.8
Invocations    | |  2.4

Action                   || total
-------------------------++-------
Melee: Short sword       ||    45
Invok: Depart the Abyss  ||     1
 Stab: Sleeping          ||     1
Armor: Leather armour    ||     9
Dodge: Dodged            ||    28

Table legend: (Time is in decaauts)
 A = Elapsed time spent in this place.
 B = Non-inter-level travel time spent in this place.
 C = Inter-level travel time spent in this place.
 D = Time resting spent in this place.
 E = Time spent auto-exploring this place.
 F = Levels seen in this place.
 G = Mean time per level.
                   A        B        C        D        E       F      G
               +--------+--------+--------+--------+--------+-----+--------+
         Total |   1295 |   1288 |      7 |      0 |   1143 |   3 |  431.7 |
       Dungeon |   1295 |   1288 |      7 |      0 |   1143 |   2 |  647.5 |
         Abyss |      0 |      0 |      0 |      0 |      0 |   1 |    0.0 |
               +--------+--------+--------+--------+--------+-----+--------+

Top non-repeatable levels by time:
     D:1: 1109 daAuts
     D:2: 185 daAuts
